 Dungeon Crawl Stone Soup version 0.24-a0-769-g368c164 (webtiles) character file.

Game seed: 8773900512831841190, levelgen mode: deterministic

21 2tousent the Ruffian (level 2, -1/23 HPs)
             Began as a Draconian Transmuter on Oct 4, 2019.
             Slain by a quokka (2 damage)
             ... on level 2 of the Dungeon.
             The game lasted 00:01:31 (592 turns).

2tousent the Ruffian (Draconian Transmuter)          Turns: 592, Time: 00:01:32

Health: -1/23      AC:  4    Str: 12    XL:     2   Next: 65%
Magic:  3/5        EV: 12    Int: 13    God:
Gold:   81         SH:  0    Dex: 11    Spells: 4/5 levels left

rFire    . . .     SeeInvis .     - Unarmed
rCold    . . .     Gourm    .   (no shield)
rNeg     . . .     Faith    .   (armour unavailable)
rPois    .         Spirit   .   (helmet restricted)
rElec    .         Reflect  .   (no cloak)
rCorr    .         Harm     .   (no gloves)
MR       .....                  (no boots)
Stlth    +.........             (no amulet)
HPRegen  0.07/turn              (no ring)
MPRegen  0.09/turn              (no ring)

@: appendage, very slightly contaminated
A: unfitting armour, horns 2, cold-blooded, AC +4
a: End Transformation


You were on level 2 of the Dungeon.
You were not hungry.
You had grown temporary horns.
You visited 1 branch of the dungeon, and saw 2 of its levels.

You collected 81 gold pieces.

Inventory:

Missiles
 a - 12 arrows
Scrolls
 b - 2 scrolls of enchant armour {unknown}
 d - a scroll of teleportation {unknown}
 e - a scroll of remove curse {unknown}
 f - 4 scrolls of identify {unknown}
Potions
 g - a potion of flight {unknown}
Comestibles
 c - 5 rations


   Skills:
 - Level 1.1 Fighting
 - Level 1.7 Dodging
 + Level 3.5 Unarmed Combat
 - Level 2.0 Spellcasting
 + Level 2.7 Transmutations


You had 4 spell levels left.
You knew the following spells:

 Your Spells              Type           Power        Failure   Level  Hunger
a - Beastly Appendage     Tmut           #.....       9%          1    ##.....

Your spell library contained the following spells:

 Spells                   Type           Power        Failure   Level  Hunger
 Sticks to Snakes         Tmut           #.......     13%         2    ###....
 Spider Form              Tmut/Pois      #.........   41%         3    ####...
 Ice Form                 Ice/Tmut       #.......     82%         4    #####..
 Blade Hands              Tmut           #.........   93%         5    ######.


Dungeon Overview and Level Annotations

Branches:
Dungeon (2/15)

Altars:


Innate Abilities, Weirdness & Mutations

Your plain brown scales are hard. (AC +4)
You cannot fit into any form of body armour.
You are cold-blooded and may be slowed by cold attacks.
You have a pair of horns on your head.


Message History

You barely miss the hobgoblin. The quokka misses you.
The hobgoblin closely misses you. The quokka closely misses you.
Casting: Beastly Appendage (safe; 9% risk of failure)
Confirm with . or Enter, or press ? or * to list all spells.
You miscast Beastly Appendage.
You are very lightly contaminated with residual magic.
Nothing appears to happen.
The quokka closely misses you. The hobgoblin completely misses you.
The quokka closely misses you.
You closely miss the hobgoblin.
Your tail-slap misses the hobgoblin.
The quokka closely misses you. The hobgoblin completely misses you.
The quokka closely misses you.
The quokka bites you but does no damage.
Casting: Beastly Appendage (safe; 9% risk of failure)
Confirm with . or Enter, or press ? or * to list all spells.
You grow a pair of large bovine horns.
The quokka bites you.
* * * LOW HITPOINT WARNING * * *
The hobgoblin hits you.
* * * LOW HITPOINT WARNING * * *
The quokka bites you.
You die...

# # ##+## .# ..
##...##.##...
##.....#......
##.......#.....
#..............
+)..<..r)......
#.....@g..#....
##...†.r.## .
##.....##
......##
###.#+## #. #.


You could see 2 quokkas and a hobgoblin.

Vanquished Creatures
  4 bats
  2 giant cockroaches (D:1)
  2 goblins (D:1)
  4 jackals (D:1)
  2 kobolds
  A quokka (D:2)
  A frilled lizard (D:1)
  A rat (D:1)
17 creatures vanquished.

Notes
Turn   | Place    | Note
-------+----------+-------------------------------------------
     0 | D:1      | 2tousent the Draconian Transmuter began the quest for the
                  | Orb.
     0 | D:1      | Reached XP level 1. HP: 16/16 MP: 3/3
   136 | D:1      | Reached XP level 2. HP: 18/23 MP: 5/5
   592 | D:2      | HP: 1/23 [hobgoblin (2)]
   592 | D:2      | Slain by a quokka

Levels and vault maps discovered:
D:1:      lemuel_arrival_river_passageway, layout_basic
D:2:      layout_loops_corners

Action                   || total
-------------------------++-------
Melee: Unarmed           ||    64
       Tailslap          ||     4
       Punch             ||     1
       Kick              ||     2
 Cast: Beastly Appendage ||     2
 Stab: Sleeping          ||     1
Armor: Skin              ||    30
Dodge: Dodged            ||    62

Table legend:
 A = Non-vault XP
 B = Vault XP
 C = Vault XP percentage of total XP
 D = Non-vault monster count
 E = Vault monster count
 F = Vault count percentage of total count
                 A         B        C        D         E       F
            +---------+---------+-------+---------+---------+-------
      Total |      31 |       0 |   0.0 |      17 |       0 |   0.0
            +---------+---------+-------+---------+---------+-------
        D:1 |      25 |       0 |   0.0 |      14 |       0 |   0.0
        D:2 |       6 |       0 |   0.0 |       3 |       0 |   0.0
            +---------+---------+-------+---------+---------+-------
